 Dungeon Crawl Stone Soup version 0.17-a0-1572-g7a1422d (webtiles) character file.

102 urechis the Ruffian (level 4, -1/45 HPs)
             Began as a Troll Monk on July 24, 2015.
             Slain by a sky beast (5 damage)
             ... on level 6 of the Dungeon.
             The game lasted 00:02:35 (1532 turns).

urechis the Ruffian (Troll Monk)                    Turns: 1532, Time: 00:02:35

Health: -1/45      AC:  6    Str: 20    XL:     4   Next: 50%
Magic:  3/3        EV: 10    Int:  6    God:
Gold:   100        SH:  0    Dex: 12    Spells: 0 memorised, 3 levels left

rFire  . . .     SeeInvis .       - Unarmed
rCold  . . .     Clarity  .     a - +0 robe
rNeg   . . .     SustAt   .     (no shield)
rPois  .         Gourm    +     (helmet restricted)
rElec  .         Spirit   .     n - +0 cloak
rCorr  .         Warding  .     (gloves unavailable)
rMut   .         Stasis   .     (boots unavailable)
MR     .....                    (no amulet)
Stlth  +.........               (no ring)
                                (no ring)

@: not resistant to hostile enchantments, very unstealthy
A: unfitting armour, claws 3, fast metabolism 3, gourmand, regeneration 2,
shaggy fur 1, tough skin 2
a: no special abilities


You were on level 6 of the Dungeon.
You were not hungry.

You visited 1 branch of the dungeon, and saw 4 of its levels.

You collected 100 gold pieces.

Inventory:

Armour
 a - a +0 robe (worn)
 n - a +0 cloak (worn)
Magical devices
 m - a wand of random effects (14)
Scrolls
 c - a scroll of magic mapping {unknown}
 e - 4 scrolls of identify {unknown}
 g - 2 scrolls of blinking {unknown}
 h - a scroll of immolation {unknown}
 j - a scroll of random uselessness {unknown}
 o - a scroll of enchant weapon {unknown}
 p - 2 scrolls of amnesia {unknown}
 q - 2 scrolls of enchant armour {unknown}
Potions
 d - 2 potions of degeneration {unknown}
 i - a potion of resistance {unknown}
 l - a potion of might {unknown}
Comestibles
 b - 4 bread rations
 f - a meat ration
 k - a slice of pizza
 r - a beef jerky


   Skills:
 + Level 3.3 Fighting
 - Level 2.4 Dodging
 - Level 1.1 Stealth
 * Level 5.3 Unarmed Combat


You had 3 spell levels left.
You didn't know any spells.

Dungeon Overview and Level Annotations

Branches:
Dungeon (6/15)
 Temple: D:4-7

Altars:
Okawaru


Innate Abilities, Weirdness & Mutations

You are too large for most types of armour.
You have claws for hands.
Your metabolism is lightning-fast.
You like to eat raw meat.
You heal very quickly.
You are covered in fur (AC +1).
You have very tough skin (AC +2).


Message History

The sky beast hits you. The sky beast shocks you.
* * * LOW HITPOINT WARNING * * *
You barely miss the sky beast.
The sky beast is heavily wounded.
The sky beast hits you but does no damage.
You barely miss the sky beast.
The sky beast is heavily wounded.
The sky beast hits you but does no damage.
You miss the sky beast.
The sky beast is heavily wounded.
The sky beast flickers out of sight!
Deactivating autopickup; reactivate with Ctrl-A.
Something hits you.
* * * LOW HITPOINT WARNING * * *
Something shocks you.
* * * LOW HITPOINT WARNING * * *
You closely miss something. Something hits you.
* * * LOW HITPOINT WARNING * * *
Something shocks you.
You die...

#..#######
#........#
#..#####.#
#.## #.# #.#
#.# #.# #[#
# #(# #.#
... #.#
#.#####.....
#.#
#..@{s......
#######.....
... #


You could see a scorpion.

Vanquished Creatures
  Crazy Yiuf (D:2)
  2 adders
  A gnoll (D:1)
  4 worms
  A ball python (D:2)
  6 goblins
  6 hobgoblins
  3 jackals (D:1)
  3 kobolds
  A bat (D:2)
  2 giant cockroaches (D:2)
  A giant newt (D:3)
  5 rats
36 creatures vanquished.

Notes
Turn   | Place    | Note
--------------------------------------------------------------
     0 | D:1      | urechis the Troll Monk began the quest for the Orb.
     0 | D:1      | Reached XP level 1. HP: 22/22 MP: 0/0
    61 | D:1      | Reached XP level 2. HP: 29/29 MP: 1/1
   771 | D:2      | Found an iron altar of Okawaru.
   790 | D:2      | Reached XP level 3. HP: 32/36 MP: 2/2
   935 | D:2      | Noticed Crazy Yiuf
   941 | D:2      | Killed Crazy Yiuf
   941 | D:2      | Reached skill level 5 in Unarmed Combat
   941 | D:2      | Reached XP level 4. HP: 42/45 MP: 3/3
  1320 | D:3      | Found a faded altar to an unknown god.
  1468 | D:3      | You fall through a shaft for 3 floors!
  1512 | D:6      | Noticed a sky beast
  1532 | D:6      | Slain by a sky beast

Vault maps used:
D:1:      lightli_arrival_boilingwater
D:2:      okawaru_ov_weapons_minmay, minmay_crystal_water, grunt_ministairs_5,
          uniq_crazy_yiuf_cottage
D:3:      nicolae_qazlal_style_of_elements, cheibriados_altar_1,
          ecumenical_altar_1, minivault_11
D:6:      grunt_temple_overflow_lords_of_destruction, tgw_kikubaaqudgha,
          uniq_grinder, uniq_pikel

Action                   |  1- 3 |  4- 6 || total
-------------------------+-------+-------++-------
Melee: Unarmed           |    59 |    37 ||    96
 Stab: Sleeping          |     2 |     1 ||     3
  Eat: Chunk             |    10 |     2 ||    12
